 Dungeon Crawl Stone Soup version 0.26.1-2-gb8aa6d0cf2 (webtiles) character file.

Game seed: 14258600835724978788

28 Chiseanne the Magician (level 3, 17/28 HPs)
             Began as a Demonspawn Wanderer on Mar 2, 2021.
             Quit the game on level 1 of the Dungeon.
             The game lasted 00:01:07 (1522 turns).

Chiseanne the Magician (Demonspawn Wanderer)        Turns: 1522, Time: 00:01:08

Health: 17/28      AC:  3    Str: 13    XL:     3   Next: 0%
Magic:  8/8        EV: 11    Int: 12    God:
Gold:   75         SH:  0    Dex: 13    Spells: 10/10 levels left

rFire    . . .     SeeInvis .   f - +0 short sword
rCold    + . .     Faith    .   (no shield)
rNeg     . . .     Spirit   +   c - +0 leather armour (curse)
rPois    .         Reflect  .   (no helmet)
rElec    .         Harm     .   (no cloak)
rCorr    .         Rampage  .   (no gloves)
Will     .....                  (no boots)
Stlth    +.........             (no amulet)
HPRegen  0.09/turn              (no ring)
MPRegen  0.11/turn              (no ring)

@: no status effects
A: cold resistance 1, magic shield
a: no special abilities


You were on level 1 of the Dungeon.
You visited 1 branch of the dungeon, and saw 1 of its levels.

You collected 75 gold pieces.

Inventory:

Hand Weapons
 a - a +0 club
 f - a +0 short sword (weapon)
Missiles
 e - 28 stones (quivered)
 h - 12 bolts
Armour
 c - a cursed +0 leather armour (worn)
Jewellery
 i - a cursed amulet of inaccuracy {unknown}
Scrolls
 d - a scroll of remove curse {unknown}
Potions
 b - a potion of lignification
 g - a potion of curing {unknown}


   Skills:
 * Level 2.5 Fighting
 - Level 1.0 Long Blades
 * Level 1.2 Armour
 * Level 1.2 Dodging
 - Level 1.7 Shields
 - Level 4.0 Spellcasting
 - Level 1.1 Necromancy


You had 10 spell levels left.
You didn't know any spells.
Your spell library contained the following spells:

 Spells                   Type           Power        Failure   Level
 Pain                     Necr           20%          19%         1
 Magic Dart               Conj           8%           28%         1
 Blink                    Tloc           N/A          38%         2
 Call Imp                 Summ           2%           38%         2
 Slow                     Hex            2%           38%         2
 Vampiric Draining        Necr           2%           47%         3
 Conjure Flame            Conj/Fire      2%           63%         3
 Mephitic Cloud           Conj/Pois/Air  2%           63%         3


Dungeon Overview and Level Annotations

Branches:
Dungeon (1/15)

Altars:


Innate Abilities, Weirdness & Mutations

Your flesh is cold resistant. (rC+)
When hurt, damage is shared between your health and your magic reserves.


Message History

The dart slug is almost dead.
The dart slug launches a dart at you. The slug dart hits you.
You barely miss the dart slug.
The dart slug is almost dead.
The dart slug barely misses you.
You barely miss the dart slug.
The dart slug is almost dead.
You hit the dart slug but do no damage.
The dart slug is almost dead.
The dart slug launches a dart at you. The slug dart hits you.
You hit the dart slug.
You kill the dart slug!
You have reached level 3!
Your experience leads to an increase in your attributes!
Increase (s)trength, (i)ntelligence, or (d)exterity?
You feel agile.
Your demonic ancestry asserts itself...
You feel your magical essence form a protective shroud around your flesh.
Are you sure you want to abandon this character and quit the game? (Confirm with "yes".)

#.#.# #..#.#
....####..#.# #.#
#.#.......#.# #.#
#.#.#####.#.# #.#
#.........#.# #.#
###.....###.# #.# #
##........# #.# #
#....##### #†#
#####...########@#
..###............#
............>#######
.†..................
##...#.#####.#######
#...#..# #.#
#...##.## #.#
#...##..# #.#
#...###.###.#


There were no monsters in sight!

Vanquished Creatures
  An ooze (D:1)
  3 dart slugs (D:1)
  A leopard gecko (D:1)
  2 giant cockroaches (D:1)
  2 goblins (D:1)
  2 hobgoblins (D:1)
  2 frilled lizards (D:1)
  2 kobolds (D:1)
  2 rats (D:1)
17 creatures vanquished.

Notes
Turn   | Place    | Note
-------+----------+-------------------------------------------
     0 | D:1      | Chiseanne the Demonspawn Wanderer began the quest for the
                  | Orb.
     0 | D:1      | Chiseanne set off with the following items: a +0 club, a
                  | potion of lignification, a +0 robe; and the following
                  | spells available to memorise: Pain, Magic Dart, Blink, Call
                  | Imp, Slow, Vampiric Draining, Conjure Flame, Mephitic Cloud
     0 | D:1      | Reached XP level 1. HP: 16/16 MP: 5/5
   451 | D:1      | Gained mutation: Your flesh is cold resistant. (rC+)
                  | [demonic ancestry]
   451 | D:1      | Reached XP level 2. HP: 22/22 MP: 7/7
   473 | D:1      | HP: 1/22 [kobold/+0 short sword (6)]
   805 | D:1      | Reached skill level 1 in Armour
   805 | D:1      | Reached skill level 1 in Dodging
  1522 | D:1      | Gained mutation: When hurt, damage is shared between your
                  | health and your magic reserves. [demonic ancestry]
  1522 | D:1      | Reached XP level 3. HP: 17/28 MP: 8/8
  1522 | D:1      | Quit the game

Illustrated notes

Levels and vault maps discovered:
D:1:      minmay_arrival_diagonal_passages, layout_basic

Skill      XL: |  1  2 |
---------------+-------+-----
Armour         | 1 |  1.2
Dodging        | 1 |  1.2
Fighting       | |  2.5
Long Blades    | |  1.0
Shields        | |  1.7
Spellcasting   | |  4.0
Necromancy     | |  1.1

Action                   || total
-------------------------++-------
Melee: Club              ||    33
       Short sword       ||    55
Armor: Leather armour    ||    24
Dodge: Dodged            ||    47
